 Dungeon Crawl Stone Soup version 0.30-a0-557-ge2afbf3030 (webtiles) character file.

Game seed: 2613425824343481077

181 dohliylev the Ruffian (level 5, -2/52 HPs)
             Began as a Troll Berserker on Dec 19, 2022.
             Was a Priest of Trog.
             Succumbed to a kobold's poison
             ... on level 4 of the Dungeon on Dec 27, 2022.
             The game lasted 00:07:13 (2328 turns).

dohliylev the Ruffian (Troll Berserker)             Turns: 2328, Time: 00:07:13

Health: -2/52      AC:  4    Str: 27    XL:     5   Next: 34%
Magic:  4/4        EV: 10    Int:  9    God:    Trog [***...]
Gold:   172        SH:  0    Dex:  9    Spells: 4/4 levels left

rFire   . . .      SeeInvis .      - Unarmed
rCold   . . .      Faith    .    (no shield)
rNeg    . . .      Spirit   .    a - +0 animal skin
rPois   .          Reflect  .    (helmet restricted)
rElec   .          Harm     .    (no cloak)
rCorr   .          Rampage  .    (gloves unavailable)
Will    .....                    (boots unavailable)
Stlth   +                        (no amulet)
HPRegen 1.08/turn                k - +6 ring of intelligence
MPRegen 0.09/turn                m - ring of flight

@: lethally poisoned (-2 -> -24), on berserk cooldown, flying, slowed, very slow
A: large, unfitting armour, claws 3, regeneration 1, shaggy fur 1, tough skin 1
a: Renounce Religion, Berserk, Trog's Hand


You were on level 4 of the Dungeon.
You worshipped Trog.
Trog was most pleased with you.
You visited 1 branch of the dungeon, and saw 4 of its levels.

You collected 172 gold pieces.

Inventory:

Missiles
 f - 5 curare-tipped darts
 o - 4 boomerangs (quivered)
 r - 6 atropa-tipped darts
 t - 6 javelins
Armour
 a - a +0 animal skin (worn)
Jewellery
 k - a +6 ring of intelligence (left claw)
 m - a ring of flight (right claw)
 q - an amulet of reflection
Scrolls
 c - 4 scrolls of magic mapping {unknown}
 d - 3 scrolls of teleportation {unknown}
 e - 3 scrolls of identify {unknown}
 h - a scroll of fog {unknown}
 j - a scroll of brand weapon {unknown}
 l - a scroll of summoning {unknown}
 n - a scroll of blinking {unknown}
 p - a scroll of torment {unknown}
Potions
 b - 2 potions of brilliance {unknown}
 g - a potion of might {unknown}
 i - 2 potions of haste {unknown}
 s - a potion of ambrosia {unknown}
 u - 2 potions of degeneration {unknown}


   Skills:
 + Level 2.9 Fighting
 + Level 1.1 Throwing
 + Level 3.2 Dodging
 + Level 4.8 Unarmed Combat


You had 4 spell levels left.
You didn't know any spells.
Your spell library was empty.

Dungeon Overview and Level Annotations

Branches:
Dungeon (4/15)
 Temple: D:4-7

Altars:
Trog
Wu Jian
Xom
Yredelemnul

Shops:
D:1 [=


Innate Abilities, Weirdness & Mutations

You are too large for most types of armour.
You have claws for hands.
Your natural rate of healing is unusually fast.
You are covered in fur. (AC +1)
You have tough skin. (AC +1)


Message History

You are more poisoned.
The kobold hits you with a +0 club. The kobold hits you with a +0 dagger.
The kobold misses you.
You closely miss the kobold.
You feel very sick.
You closely miss the kobold.
You feel sick. The kobold hits you but does no damage. The kobold misses you.
The kobold hits you with a +0 dagger.
The kobold hits you with a +1 dagger of venom.
You are more poisoned.
The kobold hits you with a +0 short sword.
The kobold hits you but does no damage.
You barely miss the kobold.
You feel very sick.
The kobold hits you with a +0 short sword.
The kobold hits you with a +0 dagger.
* * * LOW HITPOINT WARNING * * *
The kobold hits you but does no damage.
You are more poisoned.
A kobold comes into view. It is wielding a +0 whip.
Something completely misses the plant.
The kobold closely misses you. The kobold barely misses you.
The kobold closely misses you.
You feel very sick.
Things that are here:
a +0 dagger; 5 stones; a kobold corpse You claw the kobold!
You kill the kobold!
Trog accepts your kill.
You are no longer berserk.
You are exhausted.
You feel yourself slow down.
* * * LOW HITPOINT WARNING * * *
You feel very sick. The kobold hits you but does no damage.
You are more poisoned.
The kobold throws a poisoned dart.
The poisoned dart misses you. The kobold attacks as you move away!
The kobold hits you with a +0 club.
* * * LOW HITPOINT WARNING * * *
The kobold attacks as you move away! The kobold barely misses you.
You die...

##...K.§§..♣♣P♣#
..♣..††§§....PP
....†........
PP.....†..$♣
♣..K..!..♣♣.# #
♣♣..K.K..PP♣
#.♣P.KKK).P♣PP
#P...)K..PP.#
#♣..@.K..♣..#
#.P.♣..PP..♣#
###.♣.♣.♣♣♣#
##PPP... .P♣.P##
##♣♣.## #


You could see 8 kobolds.

Vanquished Creatures
  A kobold brigand (D:4)
  3 adders
  2 worms (D:3)
  2 dart slugs (D:1)
  9 ball pythons
  8 endoplasms
  2 giant cockroaches
  2 goblins (D:1)
  7 hobgoblins
  3 jackals (D:3)
  A quokka (D:3)
  10 bats
  3 frilled lizards
  13 kobolds
  14 rats
80 creatures vanquished.

Vanquished Creatures (others)
  A plant (D:4)
1 creature vanquished.

Grand Total: 81 creatures vanquished

Notes
Turn   | Place    | Note
-------+----------+-------------------------------------------
     0 | D:1      | dohliylev the Troll Berserker began the quest for the Orb.
     0 | D:1      | Reached XP level 1. HP: 22/22 MP: 0/0
     0 | D:1      | Upgraded the game from 0.30-a0-469-g84de5afbc5 to
                  | 0.30-a0-557-ge2afbf3030
   183 | D:1      | Found Zekkar's One-of-a-Kind Rings.
   199 | D:1      | Reached XP level 2. HP: 29/29 MP: 1/1
   575 | D:1      | Reached ** piety under Trog
   636 | D:1      | Found Vuemanwu's Antique Armour Shoppe.
   640 | D:1      | Reached XP level 3. HP: 33/36 MP: 2/2
   859 | D:2      | Found a faded altar of an unknown god.
  1149 | D:2      | Reached skill level 4 in Unarmed Combat
  1409 | D:2      | Reached XP level 4. HP: 44/44 MP: 3/3
  1588 | D:3      | Found a basalt altar of Yredelemnul.
  1714 | D:3      | Noticed a moth of wrath
  1717 | D:3      | Found a bloodstained altar of Trog.
  1746 | D:3      | Reached *** piety under Trog
  1821 | D:3      | Found an ornate altar of the Wu Jian Council.
  1821 | D:3      | Found a shimmering altar of Xom.
  2306 | D:4      | Noticed a kobold brigand
  2318 | D:4      | Killed a kobold brigand
  2319 | D:4      | Reached skill level 1 in Throwing
  2319 | D:4      | Reached XP level 5. HP: 52/52 MP: 4/4
  2328 | D:4      | Succumbed to a kobold's poison

Illustrated notes

Levels and vault maps discovered:
D:1:      lemuel_arrival_muddy, layout_basic, serial_shops, shop_statue,
          nicolae_shop_unique_rings, amcnicky_mini_pool_small, minmay_tripent
D:2:      layout_basic, nicolae_ecumenical_snake_handling,
          minmay_misc_feat_hallway, minmay_quadrilaterals
D:3:      layout_basic, lemuel_crystal_altar, nicolae_overflow_two_pavilions,
          tgw_trog
D:4:      kennysheep_kobold_camp, layout_rooms, gammafunk_ghost_necromancy

Skill      XL: |  1  2  3  4 |
---------------+-------------+-----
Dodging        | 3 |  3.2
Unarmed Combat | 4 |  4.8
Throwing       | 1 |  1.1
Fighting       | |  2.9

Action                   |  1- 3 |  4- 6 || total
-------------------------+-------+-------++-------
Melee: Unarmed           |   145 |    68 ||   213
       Punch             |       |     2 ||     2
Throw: Boomerang         |     4 |    15 ||    19
Invok: Berserk           |       |     1 ||     1
 Stab: Sleeping          |     1 |     1 ||     2
Armor: Animal skin       |    63 |    18 ||    81
Dodge: Dodged            |    95 |    41 ||   136

Table legend: (Time is in decaauts)
 A = Elapsed time spent in this place.
 B = Non-inter-level travel time spent in this place.
 C = Inter-level travel time spent in this place.
 D = Time resting spent in this place.
 E = Time spent auto-exploring this place.
 F = Levels seen in this place.
 G = Mean time per level.
                   A        B        C        D        E       F      G
               +--------+--------+--------+--------+--------+-----+--------+
         Total |   2311 |   2262 |     49 |      5 |   1662 |   4 |  577.8 |
       Dungeon |   2311 |   2262 |     49 |      5 |   1662 |   4 |  577.8 |
               +--------+--------+--------+--------+--------+-----+--------+

Top non-repeatable levels by time:
     D:3: 804 daAuts
     D:2: 761 daAuts
     D:1: 730 daAuts
     D:4: 15 daAuts
